 Dungeon Crawl Stone Soup version 0.28-a0-317-g21599a725c (webtiles) character file.

Game seed: 8976782292447512971

118182 Ijustatesigmund the Fighter (level 16, -1/122 HPs)
             Began as a Gargoyle Fighter on Aug 31, 2021.
             Was the Champion of Cheibriados.
             Killed from afar by a Hell Sentinel (63 damage)
             ... with an iron shot
             ... created by a Zot trap
             ... on level 3 of the Spider Nest on Sept 1, 2021.
             The game lasted 00:54:22 (23258 turns).

Ijustatesigmund the Fighter (Gargoyle Fighter)     Turns: 23258, Time: 00:54:25

Health: -1/122     AC: 35    Str: 39    XL:     16   Next: 76%
Magic:  26/26      EV: 20    Int: 32    God:    Cheibriados [******]
Gold:   1594       SH: 14    Dex: 27    Spells: 8/15 levels left

rFire   . . .      SeeInvis .   x - +5 mace (freeze)
rCold   . . .      Faith    .   c - +0 kite shield
rNeg    + . .      Spirit   .   b - +0 acid dragon scales
rPois   ∞          Reflect  .   R - +0 helmet
rElec   +          Harm     .   p - +2 cloak
rCorr   +          Rampage  .   q - +1 pair of gloves
Will    +....                   u - +1 pair of boots
Stlth   ++........              f - amulet of Vitality {Regen+ HP+15}
HPRegen 1.30/turn               h - +4 ring of protection
MPRegen 0.20/turn               K - ring "Ymacsoan" {EV+4 Int+6}

@: flying, studying Summonings, very slow
A: sickness immunity, AC +12, big wings, negative energy resistance 1,
electricity resistance, torment resistance 1, petrification resistance, talons
1, mutation resistance 1, strong 1
a: Renounce Religion, Bend Time, Temporal Distortion, Slouch, Step From Time


You were on level 3 of the Spider Nest.
You worshipped Cheibriados.
Cheibriados was exalted by your worship.
You visited 6 branches of the dungeon, and saw 27 of its levels.
You also visited: Ice Cave.

You collected 2849 gold pieces.
You spent 1255 gold pieces at shops.

Inventory:

Hand Weapons
 a - a +0 flail of freezing
 x - a +5 mace of freezing (weapon)
Missiles
 i - 7 throwing nets (quivered)
Armour
 b - +0 acid dragon scales (worn)
 c - a +0 kite shield (worn)
 p - a +2 cloak (worn)
 q - a +1 pair of gloves (worn)
 u - a +1 pair of boots (worn)
 R - a +0 helmet (worn)
Jewellery
 f - the amulet of Vitality (around neck) {Regen+ HP+15}
   (You acquired it on level 2 of the Dungeon)

   [amulet of regeneration]

   HP:        It affects your health (+15).
   Regen:     It increases your rate of health regeneration.
 h - a +4 ring of protection (left hand)
 l - a ring of fire
 y - a ring of see invisible
 I - a +6 ring of strength
 K - the ring "Ymacsoan" (right hand) {EV+4 Int+6}
   (You bought it in a shop on level 2 of the Orcish Mines)

   [ring of evasion]

   EV:        It affects your evasion (+4).
   Int:       It affects your intelligence (+6).
 Q - a +6 ring of strength
Wands
 j - a wand of mindburst (41)
 s - a wand of iceblast (13)
 w - a wand of paralysis (12)
 D - a wand of acid (10)
 F - a wand of digging (4)
 H - a wand of flame (1)
 J - a wand of polymorph (11)
 P - a wand of charming (17)
Scrolls
 e - 4 scrolls of magic mapping
 g - 8 scrolls of identify
 r - a scroll of fear
 t - 3 scrolls of teleportation
 A - 3 scrolls of enchant weapon
 G - a scroll of torment
 L - 3 scrolls of silence
 M - 2 scrolls of immolation
 N - a scroll of amnesia
 O - 2 scrolls of blinking
 T - a scroll of enchant armour
Potions
 d - 4 potions of might
 k - 5 potions of lignification
 m - 6 potions of curing
 n - 3 potions of heal wounds
 o - 2 potions of ambrosia
 v - 3 potions of attraction
 z - 6 potions of brilliance
 B - 3 potions of cancellation
 C - 2 potions of berserk rage {unknown}
 E - a potion of invisibility
 S - a potion of mutation
 U - 2 potions of magic {unknown}


   Skills:
 - Level 14.9 Fighting
 - Level 14.0 Maces & Flails
 + Level 12.5 Armour
 + Level 6.3 Dodging
 + Level 9.1 Shields
 - Level 5.2 Translocations
 + Level 0.6 Transmutations
 + Level 13.8 Invocations
 - Level 7.3 Evocations


You had 8 spell levels left.
You knew the following spells:

 Your Spells              Type           Power      Damage    Failure   Level
a - Blink                 Tloc           N/A        N/A       3%          2
b - Lesser Beckoning      Tloc           33%        N/A       7%          3
c - Wereblood             Tmut           4%         N/A       22%         2

Your spell library contained the following spells:

 Spells                   Type           Power      Damage    Failure   Level
 Beastly Appendage        Tmut           8%         N/A       16%         1
 Foxfire                  Conj/Fire      0%         2x1d4     21%         1
 Passage of Golubria      Tloc           N/A        N/A       24%         4
 Spider Form              Tmut/Pois      1%         N/A       45%         3
 Ignite Poison            Fire/Tmut/Pois 1%         N/A       50%         3
 Conjure Flame            Conj/Fire      0%         6-21      52%         3
 Dazzling Flash           Conj/Hex       0%         N/A       52%         3
 Inner Flame              Hex/Fire       0%         N/A       52%         3
 Mephitic Cloud           Conj/Pois/Air  0%         N/A       52%         3
 Tukima's Dance           Hex            0%         N/A       52%         3
 Manifold Assault         Tloc           33%        N/A       54%         5
 Iskenderun's Mystic Bla  Conj/Tloc      16%        2d5       56%         4
 Airstrike                Air            0%         N/A       89%         4
 Summon Lightning Spire   Summ/Air       0%         N/A       89%         4
 Agony                    Necr           0%         N/A       99%         5
 Bolt of Magma            Conj/Fire/Erth 0%         4d4       99%         5
 Lightning Bolt           Conj/Air       0%         1d11      99%         5
 Silence                  Hex/Air        0%         N/A       99%         5
 Yara's Violent Unravell  Hex/Tmut       1%         3d3       99%         5
 Starburst                Conj/Fire      0%         6d3       100%        6
 Summon Hydra             Summ           0%         N/A       100%        7
 Sublimation of Blood     Necr           Unusable   N/A       N/A         2

Dungeon Overview and Level Annotations

Branches:
Dungeon (13/15)            Temple (1/1) D:5            Lair (6/6) D:9
 Shoals (2/4) Lair:2       Spider (3/4) Lair:4        Slime (0/5) Lair:6
    Orc (2/2) D:12            Elf (0/3) Orc:2         IceCv (visited)
 Vaults: D:13-14

Altars:
Ashenzari
Cheibriados
Dithmenos
Elyvilon
Fedhas
Gozag
Hepliaklqana
Kikubaaqudgha
Makhleb
Nemelex Xobeh
Okawaru
Qazlal
Ru
Sif Muna
Trog
Uskayaw
Vehumet
Wu Jian
Xom
Yredelemnul
Zin
The Shining One

Shops:
D:7 (   D:8 *   D:12 *   Orc:2 =[(*

Annotations:
D:13 Rupert


Innate Abilities, Weirdness & Mutations

You are immune to sickness and miasma.
Your stone body is resilient. (AC +12)
You are immune to poison.
Your large and strong wings let you fly.
You resist negative energy. (rN+)
You are resistant to electric shocks. (rElec)
You are resistant to unholy torment.
You are immune to petrification.
You have sharp toenails.
You are somewhat resistant to further mutation.
Your muscles are strong. (Str +2)


Message History

You block the Hell Sentinel's attack. The Hell Sentinel misses you.
The emperor scorpion stings you but does no damage.
The emperor scorpion claws you but does no damage.
You block the emperor scorpion's attack.
You hit the Hell Sentinel but do no damage.
The Hell Sentinel is heavily wounded.
The Hell Sentinel hits you! You block the Hell Sentinel's attack.
You hit the Hell Sentinel but do no damage.
The Hell Sentinel is heavily wounded.
You block the emperor scorpion's attack. x2
The emperor scorpion closely misses you.
You bludgeon the Hell Sentinel!!
The Hell Sentinel is severely wounded.
You block the Hell Sentinel's attack. The Hell Sentinel misses you.
You block the emperor scorpion's attack.
The emperor scorpion claws you but does no damage. x2
You hit the Hell Sentinel but do no damage.
The Hell Sentinel is severely wounded.
You block the Hell Sentinel's attack. The Hell Sentinel hits you!
The emperor scorpion stings you.
The emperor scorpion claws you but does no damage. x2
You hit the Hell Sentinel but do no damage.
The Hell Sentinel is severely wounded.
You block the Hell Sentinel's attack.
The Hell Sentinel hits you but does no damage.
You block the emperor scorpion's attack.
The emperor scorpion claws you.
The emperor scorpion claws you but does no damage.
You bludgeon the Hell Sentinel!!
The Hell Sentinel is almost dead.
You block the Hell Sentinel's attack.
The Hell Sentinel hits you but does no damage.
You sock the Hell Sentinel!
The Hell Sentinel is almost dead.
The emperor scorpion completely misses you.
The emperor scorpion claws you but does no damage. x2
The Hell Sentinel gestures at you. The iron shot hits you!!!
Ouch! That really hurt!
You die...

........# ........###
......#^..#####
......#....#..#
..............########
#..............#.#...#
#........#^..........#
#......##^#....1....####
#........##^....@s.....#
##.......####....#.......
###.#.....^#..###$......
#.........#### .......
#........## ##^....
#####.....## ..##.
#...#.....^# ######
#.........## ...#
##..†....## ##^..##.


You could see a Hell Sentinel and an emperor scorpion.

Vanquished Creatures
  Frances (Shoals:1)
  3 emperor scorpions
  The ghost of FIQ the Thaumaturge, a journeyman DjFE of Ru (Lair:4)
  The ghost of papapa55 the Carver, a journeyman MiBe of Trog (Lair:1)
  2 merfolk impalers
  16 hydras
  A rakshasa (D:11)
  A merfolk avatar (Shoals:1)
  Erica (Lair:1)
  3 centaur warriors
  A satyr (Shoals:2)
  5 death yaks
  3 two-headed ogres
  4 orc high priests (Orc:2)
  Sonja (Lair:1)
  The ghost of Teewurst the Covert, a journeyman SpEn of Wu Jian (Lair:1)
  2 sea snakes
  4 harpies (Shoals:1)
  6 orb spiders
  2 orc knights
  Pikel (D:6)
  24 wolf spiders
  3 fauns (Shoals:2)
  4 manticores (Shoals:1)
  2 orc sorcerers (Orc:2)
  5 ugly things
  2 merfolk sirens
  12 elephants
  A torpor snail (Lair:4)
  9 black mambas
  Maurice (D:11)
  A guardian serpent (Lair:6)
  2 gargoyles
  22 cane toads
  2 unseen horrors (D:11)
  5 komodo dragons
  4 rime drakes
  7 demonic crawlers
  4 polar bears
  6 trolls
  2 wind drakes (Shoals:1)
  16 jumping spiders
  3 merfolk
  7 hornets
  4 dream sheep (Lair:6)
  A meliai zombie (D:6)
  8 slime creatures
  8 blink frogs (Lair:2)
  2 snapping turtles
  28 redbacks
  A wraith (D:11)
  50 yaks
  2 spriggans (Lair:1)
  A shadow (D:10)
  9 tarantellas
  15 wyverns
  2 water elementals (Shoals:1)
  Eustachio (D:5)
  Grum (Lair:1)
  7 vampire mosquitoes (D:12)
  8 wargs
  An acid dragon (D:11)
  24 water moccasins
  Edmund (D:4)
  17 orc warriors
  3 black bears (Lair:1)
  A sky beast (D:6)
  23 wolves
  2 ice beasts
  A hornet zombie (D:5)
  A necrophage (D:6)
  8 ogres
  5 centaurs
  2 lemures (D:5)
  3 gnoll sergeants
  A kobold brigand (D:5)
  14 bullfrogs
  2 scorpions (D:5)
  A cane toad simulacrum (IceCv)
  A water moccasin zombie (D:5)
  An elephant simulacrum (IceCv)
  4 wights (D:9)
  4 howler monkeys
  2 electric eels
  4 jellies
  8 centaur zombies
  A bullfrog zombie (D:5)
  2 hounds
  28 orc priests
  A gnoll shaman (D:8)
  3 iguanas
  28 orc wizards
  7 hell rats (Lair:6)
  A polar bear simulacrum (IceCv)
  A wolf simulacrum (IceCv)
  A hound skeleton (D:4)
  19 gnolls
  10 adders
  A shadow imp (D:5)
  3 ufetubi
  6 worms
  2 dart slugs
  44 orcs
  2 endoplasms
  7 giant cockroaches
  7 goblins
  7 hobgoblins
  2 jackals (D:3)
  10 kobolds
  2 quokkas
  7 ball pythons
  3 bats
  6 frilled lizards
  3 rats
  A tentacle (Shoals:1)
701 creatures vanquished.

Vanquished Creatures (collateral kills)
  A merfolk (Shoals:2)
1 creature vanquished.

Vanquished Creatures (others)
  A snapping turtle (Shoals:2)
  A killer bee (D:11)
  35 fungi
  113 plants
  12 tentacles (Shoals:1)
162 creatures vanquished.

Grand Total: 864 creatures vanquished

Notes
Turn   | Place    | Note
-------+----------+-------------------------------------------
     0 | D:1      | Ijustatesigmund the Gargoyle Fighter began the quest for
                  | the Orb.
     0 | D:1      | Reached XP level 1. HP: 14/14 MP: 1/1
   417 | D:1      | Reached XP level 2. HP: 17/19 MP: 2/2
   449 | D:1      | Found a faded altar of an unknown god.
  1179 | D:2      | Reached XP level 3. HP: 24/24 MP: 3/3
  1464 | D:2      | Found an iron altar of Okawaru.
  1693 | D:2      | Reached XP level 4. HP: 23/29 MP: 4/4
  1881 | D:2      | Identified 2 scrolls of acquirement
  1881 | D:2      | Acquired 299 gold pieces
  1885 | D:2      | Acquired the amulet of Vitality {Regen+ HP+15}
  1885 | D:2      | Found the amulet of Vitality {Regen+ HP+15}
  2562 | D:3      | Reached XP level 5. HP: 34/34 MP: 5/5
  2592 | D:3      | Found an opulent altar of Gozag.
  2878 | D:4      | Identified the +1 leather armour "Ranuzo" {Int+3}
  3008 | D:4      | Noticed Edmund
  3047 | D:4      | Killed Edmund
  3048 | D:4      | Reached skill level 5 in Fighting
  3048 | D:4      | Reached XP level 6. HP: 40/40 MP: 6/6
  3072 | D:4      | Reached skill level 5 in Maces & Flails
  3435 | D:4      | Reached XP level 7. HP: 34/45 MP: 7/7
  3713 | D:5      | Entered Level 5 of the Dungeon
  3778 | D:5      | Reached skill level 5 in Armour
  4254 | D:5      | Noticed Eustachio
  4308 | D:5      | Reached XP level 8. HP: 52/52 MP: 8/8
  4368 | D:5      | Killed Eustachio
  4666 | D:5      | Found a large runed translucent door.
  4666 | D:5      | Found a large runed translucent door.
  4814 | D:5      | Found a staircase to the Ecumenical Temple.
  4868 | D:5      | Found a shimmering blue altar of Sif Muna.
  4877 | D:5      | Found an ornate altar of the Wu Jian Council.
  4919 | Temple   | Entered the Ecumenical Temple
  5037 | Temple   | Became a worshipper of Cheibriados the Contemplative
  5106 | D:6      | Noticed Pikel
  5161 | D:6      | Killed Pikel
  5162 | D:6      | Reached skill level 1 in Dodging
  5162 | D:6      | Reached XP level 9. HP: 59/59 MP: 8/10
  5217 | D:6      | Found a stormy altar of Qazlal.
  5624 | D:6      | Reached * piety under Cheibriados
  5743 | D:7      | Found Duotusm's Weapon Shop.
  5764 | D:7      | Noticed a two-headed ogre
  5775 | D:7      | Killed a two-headed ogre
  5776 | D:7      | Reached skill level 5 in Shields
  5988 | D:7      | Gained mutation: You sometimes lose the ability to read
                  | scrolls when taking damage. [potion of mutation]
  5988 | D:7      | Gained mutation: You are weak. (Str -2) [potion of
                  | mutation]
  5988 | D:7      | Gained mutation: You possess an exceptional clarity of
                  | mind. [potion of mutation]
  5988 | D:7      | Gained mutation: You have sharp toenails. [potion of
                  | mutation]
  5989 | D:7      | Lost mutation: You possess an exceptional clarity of mind.
                  | [potion of mutation]
  5989 | D:7      | Lost mutation: You are weak. (Str -2) [potion of mutation]
  5989 | D:7      | Lost mutation: You sometimes lose the ability to read
                  | scrolls when taking damage. [potion of mutation]
  5989 | D:7      | Gained mutation: Your muscles are strong. (Str +2) [potion
                  | of mutation]
  5989 | D:7      | Gained mutation: You are somewhat resistant to further
                  | mutation. [potion of mutation]
  6009 | D:7      | Reached XP level 10. HP: 65/65 MP: 13/13
  6529 | D:8      | Found Xulumpium's Serpentskin Sales.
  6545 | D:8      | Reached ** piety under Cheibriados
  7103 | D:8      | Noticed a two-headed ogre
  7119 | D:8      | Killed a two-headed ogre
  7173 | D:8      | Found a sparkling altar of Nemelex Xobeh.
  7178 | D:8      | Reached skill level 5 in Invocations
  7290 | D:9      | Found a staircase to the Lair.
  7676 | D:9      | Reached *** piety under Cheibriados
  7984 | D:9      | Reached XP level 11. HP: 71/71 MP: 15/15
  8326 | D:9      | Found a glowing golden altar of the Shining One.
  8371 | D:10     | Entered Level 10 of the Dungeon
  8486 | D:10     | Noticed a brown ugly thing
  8498 | D:10     | Killed a brown ugly thing
  8926 | D:10     | Reached skill level 10 in Fighting
  8926 | D:10     | Reached skill level 5 in Dodging
 10241 | D:11     | Noticed a cyclops
 10242 | D:11     | Noticed a green ugly thing
 10245 | D:11     | Noticed a centaur warrior
 10259 | D:11     | Killed a centaur warrior
 10294 | D:11     | Noticed a four-headed hydra
 10306 | D:11     | Killed a four-headed hydra
 10348 | D:11     | Reached **** piety under Cheibriados
 10360 | D:11     | Noticed a four-headed hydra
 10369 | D:11     | Killed a four-headed hydra
 10370 | D:11     | Reached skill level 10 in Maces & Flails
 10380 | D:11     | Reached XP level 12. HP: 79/79 MP: 17/17
 10405 | D:11     | Noticed a centaur warrior
 10405 | D:11     | Noticed a rakshasa
 10414 | D:11     | Killed a centaur warrior
 10443 | D:11     | Killed a rakshasa
 10632 | D:11     | Noticed Maurice
 10637 | D:11     | Paralysed by Maurice for 6 turns
 10649 | D:11     | Paralysed by Maurice for 5 turns
 10683 | D:11     | Paralysed by Maurice for 3 turns
 10688 | D:11     | Killed Maurice
 10924 | D:12     | Noticed a six-headed hydra
 10933 | D:12     | Killed a six-headed hydra
 11119 | D:12     | Noticed a seven-headed hydra
 11133 | D:12     | Killed a seven-headed hydra
 11183 | D:12     | Found Gebi Wya's Assorted Antiques.
 11186 | D:12     | Bought a murky golden potion for 25 gold pieces
 11186 | D:12     | Bought a scroll labelled ETICZU TEUQE for 28 gold pieces
 11186 | D:12     | Bought a fluorescent wand for 112 gold pieces
 11296 | D:12     | Noticed a four-headed hydra
 11307 | D:12     | Killed a four-headed hydra
 11321 | D:12     | Reached skill level 1 in Evocations
 11409 | D:12     | Found a staircase to the Orcish Mines.
 11442 | D:12     | Noticed a two-headed ogre
 11452 | D:12     | Killed a two-headed ogre
 11606 | D:12     | Reached ***** piety under Cheibriados
 11714 | D:13     | Noticed Rupert
 11725 | D:13     | Paralysed by Rupert for 2 turns
 11731 | D:13     | Paralysed by Rupert for 5 turns
 11923 | D:13     | Noticed a centaur warrior
 11933 | D:13     | Killed a centaur warrior
 12013 | D:12     | Noticed a six-headed hydra
 12025 | D:12     | Killed a six-headed hydra
 12026 | D:12     | Reached XP level 13. HP: 85/85 MP: 20/20
 12102 | Lair:1   | Entered Level 1 of the Lair of Beasts
 12109 | Lair:1   | Noticed Grum
 12121 | Lair:1   | Killed Grum
 12163 | Lair:1   | Found a runed translucent gate.
 12164 | Lair:1   | Found a runed translucent gate.
 12165 | Lair:1   | Found a runed translucent gate.
 12166 | Lair:1   | Noticed papapa55's ghost (journeyman MiBe)
 12167 | Lair:1   | Noticed Teewurst's ghost (journeyman SpEn)
 12188 | Lair:1   | Noticed Erica
 12192 | Lair:1   | Noticed Sonja
 12361 | Lair:1   | Killed Erica
 12397 | Lair:1   | Reached skill level 10 in Invocations
 12639 | Lair:1   | Killed Sonja
 12928 | Lair:1   | Killed papapa55's ghost
 13008 | Lair:1   | Killed Teewurst's ghost
 13110 | Lair:2   | Reached skill level 10 in Armour
 14010 | Lair:2   | Found a staircase to the Shoals.
 14099 | Lair:2   | Reached ****** piety under Cheibriados
 14406 | Lair:3   | Reached skill level 5 in Evocations
 14424 | Lair:3   | Gained mutation: Your large and strong wings let you fly.
                  | [Gargoyle growth]
 14424 | Lair:3   | Reached XP level 14. HP: 68/92 MP: 22/22
 15310 | Lair:4   | Found a transporter.
 15310 | Lair:4   | Found a transporter.
 15310 | Lair:4   | Noticed FIQ's ghost (journeyman DjFE)
 15354 | Lair:4   | Killed FIQ's ghost
 15598 | Lair:4   | Found a hole to the Spider Nest.
 15869 | Lair:5   | Found a frozen archway.
 15884 | IceCv    | Entered an ice cave
 15963 | IceCv    | Found a transporter.
 15975 | IceCv    | Found a transporter.
 16878 | Lair:6   | Entered Level 6 of the Lair of Beasts
 17236 | Lair:6   | Found a staircase to the Slime Pits.
 17251 | Lair:6   | Reached XP level 15. HP: 100/100 MP: 23/23
 17974 | Lair:6   | Learned a level 2 spell: Blink
 17996 | Lair:6   | Reached skill level 1 in Translocations
 18344 | Lair:6   | Upgraded the game from 0.28-a0-312-gbced6e68ee to
                  | 0.28-a0-317-g21599a725c
 18584 | Orc:1    | Entered Level 1 of the Orcish Mines
 18994 | Orc:2    | Entered Level 2 of the Orcish Mines
 19327 | Orc:2    | Reached skill level 5 in Translocations
 19393 | Orc:2    | Learned a level 3 spell: Lesser Beckoning
 19727 | Orc:2    | Found a staircase to the Elven Halls.
 19772 | Orc:2    | Found Nagrarch's Assorted Antiques.
 19772 | Orc:2    | Found Ducoje's Weapon Shoppe.
 19773 | Orc:2    | Found Xoath's Jewellery Emporium.
 19780 | Orc:2    | Found Suarph's Antique Armour Emporium.
 19783 | Orc:2    | Bought a brass ring for 145 gold pieces
 19793 | Orc:2    | Bought the ring "Ymacsoan" {EV+4 Int+6} for 945 gold pieces
 20346 | Shoals:1 | Entered Level 1 of the Shoals
 20559 | Shoals:1 | Noticed Frances
 20909 | Shoals:1 | Killed Frances
 20910 | Shoals:1 | Reached XP level 16. HP: 46/107 MP: 25/25
 21094 | Shoals:1 | Noticed a kraken
 21465 | Spider:1 | Entered Level 1 of the Spider Nest
 22318 | Spider:1 | Identified the +10 hunting sling of the Undead {speed,
                  | +Blink rC+ Will-}
 23089 | Spider:3 | Learned a level 2 spell: Wereblood
 23231 | Spider:3 | Noticed a Hell Sentinel
 23258 | Spider:3 | Killed from afar by a Hell Sentinel

Illustrated notes

Levels and vault maps discovered:
D:1:      dpeg_arrival_round_a, layout_basic, hellmonk_ecumenical_altar_zigzags
D:2:      layout_basic, serial_bayou_pond_a, minmay_hexomino_r4
D:3:      layout_rooms, mainiacjoe_overflow_boulevard
D:4:      layout_gridville, chequers_serial_rivers_marsh, uniq_edmund
D:5:      layout_basic, jmf_multi_god_temple2, minmay_temple_entry_hall,
          uniq_eustachio
D:6:      layout_basic, nicolae_overflow_crystal_walls, uniq_pikel
D:7:      layout_cave_pools, serial_shops, nicolae_shop_window_shopping,
          kennysheep_cluttered_room
D:8:      layout_basic, nemelex_diamond_rough_becter, nicolae_sextant,
          guppyfry_shop_venom
D:9:      layout_long_grid, lemuel_coloured_pillars_altar,
          erik_lair_orcish_takeover
D:10:     layout_stronghold
D:11:     nzn_winding_woodlands_small [nzn_winding_woodlands_5x15_longhouse,
          nzn_winding_woodlands_center_lodge,
          nzn_winding_woodlands_5x15_sawtooth], layout_loops_corners,
          grunt_tough_drop, uniq_maurice
D:12:     layout_irregular_city, minmay_orc_entry_guard_dogs, serial_shops,
          kennysheep_mini_moat
D:13:     layout_roguey, david_vaults_1, uniq_rupert
Temple:   lightli_temple_of_artemis
Lair:1:   wad_woods_tower, layout_big_grid, gammafunk_ghost_cemetery,
          beast_lair_carwin_9, uniq_grum, uniq_sonja, uniq_erica
Lair:2:   layout_cave_pods, elwin_shoals_entry_rooms, serial_bayou_lake_a
Lair:3:   layout_regular_city, beast_lair_carwin_8
Lair:4:   layout_misc_corridors, spider_nest_entry_funnel_web,
          gammafunk_ghost_arena, serial_bayou_crossing
Lair:5:   layout_hall_layers, portal_ice_cave_entry_pillars_1,
          lemuel_fruit_tree, lemuel_fruit_fields, serial_bayou_shore_a
Lair:6:   hangedman_lair_tendril_chambers, layout_layer_cave,
          minmay_slime_entry_pillars, serial_bayou_shore_b
Shoals:1: layout_shoals, uniq_frances
Shoals:2: layout_shoals, ebering_ghost_davey_jones
Spider:1: layout_spider_delve, drop_trap, hangedman_spider_trapstep
Spider:2: layout_spider_delve
Spider:3: layout_spider_delve
Orc:1:    layout_caves, nicolae_orc_sculptors_studio
Orc:2:    st_orc_mages, layout_caves

Skill      XL: |  1  2  3  4  5  6  7  8  9 10 11 12 13 14 15 16 |
---------------+-------------------------------------------------+-----
Maces & Flails | 3 4 5 6 7 8 9 10 11 12 13 14 | 14.0
Fighting       | 4 5 6 7 8 9 10 11 12 13 14 | 14.9
Armour         | 4 5 6 7 9 10 11 12 | 12.5
Dodging        | 1 3 4 5 6 |  6.3
Shields        | 4 5 7 8 9 |  9.1
Invocations    | 2 4 6 7 9 10 11 12 13 | 13.8
Evocations     | 2 5 6 7 |  7.3
Translocations | 5 |  5.2
Transmutations | |  0.6

Action                   |  1- 3 |  4- 6 |  7- 9 | 10-12 | 13-15 | 16-18 || total
-------------------------+-------+-------+-------+-------+-------+-------++-------
Melee: Flail             |   134 |   231 |   382 |   310 |       |       ||  1057
       Mace              |       |       |       |   466 |  1573 |   574 ||  2613
Throw: Throwing net      |       |     1 |       |       |       |       ||     1
 Cast: Blink             |       |       |       |       |     3 |     7 ||    10
       Lesser Beckoning  |       |       |       |       |       |     1 ||     1
Invok: Bend Time         |       |       |       |     2 |     1 |     1 ||     4
       Slouch            |       |       |       |       |     3 |     1 ||     4
Evoke: Wand              |       |       |       |       |    17 |    11 ||    28
  Use: Scroll            |       |     9 |     3 |    14 |    14 |     2 ||    42
       Potion            |       |       |     2 |     3 |     1 |     3 ||     9
 Stab: Sleeping          |       |       |       |       |     4 |     1 ||     5
       Distracted        |       |       |       |       |     1 |     1 ||     2
       Confused          |       |       |       |       |     1 |       ||     1
       Paralysed         |       |       |       |       |       |     2 ||     2
Armor: Scale mail        |    37 |       |       |       |       |       ||    37
       Chain mail        |    41 |   169 |   496 |   416 |       |       ||  1122
       Acid dragon scale |       |       |       |   196 |   849 |   488 ||  1533
Dodge: Dodged            |    43 |    59 |   160 |   415 |  1132 |   853 ||  2662
Block: Kite shield       |    61 |   105 |   304 |   574 |  1453 |   622 ||  3119

Table legend: (Time is in decaauts)
 A = Elapsed time spent in this place.
 B = Non-inter-level travel time spent in this place.
 C = Inter-level travel time spent in this place.
 D = Time resting spent in this place.
 E = Time spent auto-exploring this place.
 F = Levels seen in this place.
 G = Mean time per level.
                   A        B        C        D        E       F      G
               +--------+--------+--------+--------+--------+-----+--------+
         Total |  33712 |  31151 |   2561 |   1752 |  21802 |  28 | 1204.0 |
       Dungeon |  15761 |  14527 |   1234 |    906 |  10557 |  13 | 1212.4 |
        Temple |    130 |     88 |     42 |      0 |     81 |   1 |  130.0 |
          Lair |  10829 |  10036 |    793 |    401 |   7539 |   6 | 1804.8 |
        Shoals |   1445 |   1332 |    113 |    258 |    443 |   2 |  722.5 |
   Spider Nest |   2762 |   2525 |    237 |     30 |   1571 |   3 |  920.7 |
  Orcish Mines |   2642 |   2503 |    139 |    109 |   1610 |   2 | 1321.0 |
      Ice Cave |    140 |    140 |      0 |     48 |      0 |   1 |  140.0 |
               +--------+--------+--------+--------+--------+-----+--------+

Top non-repeatable levels by time:
  Lair:6: 2450 daAuts
  Lair:2: 2402 daAuts
    D:10: 2269 daAuts
    D:11: 1925 daAuts
  Lair:5: 1705 daAuts
     D:9: 1688 daAuts
Spider:1: 1588 daAuts
  Lair:3: 1536 daAuts
   Orc:2: 1468 daAuts
    D:12: 1431 daAuts
  Lair:1: 1414 daAuts
     D:8: 1363 daAuts
  Lair:4: 1320 daAuts
     D:2: 1270 daAuts
     D:5: 1225 daAuts
